 Dungeon Sprint DCSS version 0.28-a0-697-g47f3eba078 (webtiles) character file.

Game seed: 10934800822379602456

75252 mhtbhm the Human Ballista (level 15, -16/127 HPs)
             Began as a Human Hunter on Oct 24, 2021.
             Was the Champion of Okawaru.
             Demolished by Mennas (30 damage)
             ... in the Dungeon (Sprint IX: "|||||||||||||||||||||||||||||").
             The game lasted 00:25:19 (6762 turns).

mhtbhm the Human Ballista (Human Hunter)            Turns: 6762, Time: 00:25:19

Health: -16/127    AC: 23    Str: 22    XL:     15   Next: 97%
Magic:  29/29      EV: 19    Int: 11    God:    Okawaru [******]
Gold:   694        SH:  7    Dex: 14    Spells: 14/14 levels left

rFire   + . .      SeeInvis .   F - +1 double sword
rCold   + . .      Faith    +   c - +0 buckler {reflect}
rNeg    + . .      Spirit   .   b - +2 scale mail {rF+}
rPois   +          Reflect  +   w - +1 hat "Ligogh" {rC+ rN+ Will+}
rElec   .          Harm     .   G - +2 cloak {rPois}
rCorr   .          Rampage  .   I - +1 pair of gloves
Will    +++..      NoTele   +   n - +0 pair of boots
Stlth   ++........              y - amulet of faith
HPRegen 0.31/turn               p - +3 ring of strength
MPRegen 0.21/turn               q - ring of willpower

@: heroic, on berserk cooldown, slowed, glowing, studying Dodging, silenced,
very slow
A: no striking features
a: Renounce Religion


You were in the Dungeon.
You worshipped Okawaru.
Okawaru was exalted by your worship.
You visited 1 branch You collected 1926 gold pieces.
You spent 1232 gold pieces at shops.

Inventory:

Hand Weapons
 a - a +2 scimitar of draining
 F - a +1 double sword (weapon)
 L - a +3 long sword of holy wrath
Missiles
 d - a boomerang
 g - 4 curare-tipped darts
 u - 3 datura-tipped darts
 v - 5 atropa-tipped darts
 M - 9 javelins (quivered)
 N - 10 silver javelins
Armour
 b - a +2 scale mail of fire resistance (worn)
 c - a +0 buckler of reflection (worn)
 m - a +2 kite shield of protection
 n - a +0 pair of boots (worn)
 o - the +5 plate armour of Shielding {rCorr Str+3 Dex+3}
   (Okawaru gifted it to you in the Dungeon)

   Str:       It affects your strength (+3).
   Dex:       It affects your dexterity (+3).
   rCorr:     It protects you from acid and corrosion.
 w - the +1 hat "Ligogh" (worn) {rC+ rN+ Will+}
   (Okawaru gifted it to you in the Dungeon)

   rC:        It protects you from cold.
   rN:        It protects you from negative energy.
   Will:      It increases your willpower.
 G - a +2 cloak of poison resistance (worn)
 I - a +1 pair of gloves (worn)
 K - the +15 Maxwell's patent armour {-Cast -Tele rElec Will+ rCorr}
   (Okawaru gifted it to you in the Dungeon)

   rElec:     It insulates you from electricity.
   -Cast:     It prevents spellcasting.
   -Tele:     It prevents most forms of teleportation.
   rCorr:     It protects you from acid and corrosion.
   Will:      It increases your willpower.
Jewellery
 p - a +3 ring of strength (left hand)
 q - a ring of willpower (right hand)
 y - an amulet of faith (around neck)
 C - the ring "Plog" {rPois rCorr MP+9 Int+6}
   (You acquired it in the Dungeon)

   [ring of resist corrosion]

   Int:       It affects your intelligence (+6).
   rPois:     It protects you from poison.
   MP:        It affects your magic capacity (+9).
   rCorr:     It protects you from acid and corrosion.
 H - a ring of see invisible
Scrolls
 j - 2 scrolls of blinking
 l - 2 scrolls of amnesia
 s - 2 scrolls of fear
 t - 3 scrolls of fog
 x - 5 scrolls of identify
 A - a scroll of immolation
 B - 2 scrolls of enchant weapon
 D - a scroll of holy word
 J - 4 scrolls of enchant armour
Potions
 e - 3 potions of curing
 f - a potion of heal wounds
 h - 4 potions of magic
 k - a potion of invisibility
 r - 2 potions of mutation
 z - a potion of brilliance
 E - a potion of lignification


   Skills:
 + Level 14.5(19.5) Fighting
 + Level 7.6(17.6) Short Blades
 + Level 15.6(21.3) Long Blades
 O Level 27 Throwing
 + Level 14.7(19.7) Armour
 + Level 13.2(18.2) Dodging
 - Level 5.8(10.8) Stealth
 + Level 6.9(11.9) Shields
 * Level 21.5 Invocations
 - Level 1.1 Evocations


You had 14 spell levels left.
You didn't know any spells.
Your spell library was empty.

Dungeon Overview and Level Annotations

Branches:
Dungeon (1/1)

Altars:
Cheibriados
Dithmenos
Elyvilon
Fedhas
Gozag
Hepliaklqana
Kikubaaqudgha
Makhleb
Nemelex Xobeh
Okawaru
Qazlal
Ru
Sif Muna
Trog
Uskayaw
Vehumet
Wu Jian
Xom
Yredelemnul
Zin
The Shining One
Beogh
Jiyva
Lugonu

Shops:
D ??((

Annotations:
D Mennas


Message History

Mennas gestures frantically.
You resist with almost no effort. Mennas blocks your attack.
Mennas closely misses you. You block Mennas's attack.
You miss Mennas.
Mennas drinks a potion.
Mennas seems to grow stronger.
Mennas blocks your attack. Mennas blocks your attack.
Mennas hits you but does no damage.
Mennas hits you with a +2 trishula of holy wrath!
Mennas blocks your attack.
Mennas hits you with a +2 trishula of holy wrath!!
Mennas hits you with a +2 trishula of holy wrath!
You slice Mennas!!
Mennas is lightly wounded.
Mennas blocks your attack.
Mennas is lightly wounded.
Mennas gestures frantically.
You resist with almost no effort. Mennas blocks your attack.
Mennas is lightly wounded.
Mennas gestures frantically.
You are confused.
You bump into the unnaturally hard rock wall.
Mennas is caught in a moment of prayer.
Mennas hits you with a +2 trishula of holy wrath!! x2
You bump into the unnaturally hard rock wall.
You feel a strong urge to attack something.
Mennas gestures frantically.
Mennas's surroundings become eerily quiet.
You bump into the unnaturally hard rock wall.
You are no longer berserk.
You are exhausted.
You feel yourself slow down.
Mennas hits you with a +2 trishula of holy wrath!!!
* * * LOW HITPOINT WARNING * * *
Mennas hits you with a +2 trishula of holy wrath!
* * * LOW HITPOINT WARNING * * *
Unknown command.
You feel better. Mennas barely misses you. You block Mennas's attack.
Mennas hits you with a +2 trishula of holy wrath!!
You die...

▓▓▓▓▓▓▓▓▓▓▓▓▓▓▓▓▓▓▓▓▓▓▓▓▓▓
..A....§..§A@§§§§.)[)....▓
▓▓▓▓▓▓▓▓▓▓▓▓▓▓▓▓▓▓▓▓▓▓▓▓▓▓▓▓.▓
).))).)............'.........▓
▓▓▓▓▓▓▓▓▓▓▓▓▓▓▓▓▓▓▓▓▓▓▓▓▓▓▓▓▓▓
...............).......).....▓
▓▓▓▓▓▓♣♣♣♣♣♣♣♣♣♣▓▓▓▓▓▓▓▓▓▓▓▓.▓
.)))..†)†...†...'............▓
▓▓▓▓▓▓♣♣♣♣♣♣♣♣♣♣▓▓▓▓▓▓▓▓▓▓▓▓▓▓
.............................▓


You could see Mennas (strong, silencing).

Vanquished Creatures
  Jory (D)
  Nikola (D)
  An Orb Guardian (D)
  A lich (D)
  Gastronok (D)
  Agnes (D)
  A tengu reaver (D)
  A frost giant (D)
  A fire giant (D)
  2 vault wardens (D)
  Aizul (D)
  3 ironbound preservers (D)
  A green draconian (D)
  3 stone giants (D)
  2 dire elephants (D)
  3 ettins (D)
  3 fire dragons (D)
  A merfolk javelineer (D)
  An eleionoma (D)
  Josephine (D)
  2 ice dragons (D)
  2 hydras (D)
  4 great orbs of eyes (D)
  2 ironbound thunderhulks (D)
  An ogre mage (D)
  2 ironbound frosthearts (D)
  A ghost crab (D)
  A two-headed ogre (D)
  A deep troll shaman (D)
  A vampire mage (D)
  A tengu warrior (D)
  Urug (D)
  A death yak (D)
  2 deep troll earth magi (D)
  A spriggan berserker (D)
  2 shock serpents (D)
  A naga sharpshooter (D)
  7 orc high priests (D)
  Sonja (D)
  2 spriggans (D)
  A spriggan druid (D)
  A sea snake (D)
  2 goliath frogs (D)
  A glowing orange brain (D)
  5 wizards (D)
  A naga ritualist (D)
  4 ironbound convokers (D)
  10 orc knights (D)
  An orb spider (D)
  An orc sorcerer (D)
  2 ugly things (D)
  2 wolf spiders (D)
  2 cyclopes (D)
  A will-o-the-wisp (D)
  3 manticores (D)
  2 black mambas (D)
  6 elephants (D)
  3 vault sentinels (D)
  4 naga magi (D)
  A water nymph (D)
  A cane toad (D)
  2 komodo dragons (D)
  A guardian mummy (D)
  2 tengu conjurers (D)
  A troll (D)
  2 merfolk (D)
  2 jumping spiders (D)
  A bloated husk (D)
  A snapping turtle (D)
  A hornet (D)
  A slime creature (D)
  3 tarantellas (D)
  3 wyverns (D)
  6 wraiths (D)
  A redback (D)
  A water elemental (D)
  2 yaks (D)
  2 vampire mosquitoes (D)
  3 basilisks (D)
  3 water moccasins (D)
  13 orc warriors (D)
  An ogre (D)
  A wolf (D)
  A centaur (D)
  3 bullfrogs (D)
  3 orc priests (D)
  An iguana (D)
  A gnoll (D)
  A shadow imp (D)
  An adder zombie (D)
  5 orcs (D)
  A goblin (D)
  A hobgoblin (D)
  2 bats (D)
  A frilled lizard (D)
194 creatures vanquished.

Vanquished Creatures (others)
  2 foxfires (D)
2 creatures vanquished.

Grand Total: 196 creatures vanquished

Notes
Turn   | Place    | Note
-------+----------+-------------------------------------------
     0 | D        | mhtbhm the Human Hunter began the quest for the Orb.
     0 | D        | Reached XP level 1. HP: 16/16 MP: 1/1
    12 | D        | Reached skill level 5 in Throwing
    30 | D        | Noticed an iguana
    30 | D        | Noticed an ogre
    35 | D        | Reached XP level 2. HP: 21/22 MP: 2/2
    36 | D        | Reached skill level 1 in Short Blades
    36 | D        | Reached skill level 7 in Throwing
    36 | D        | Reached XP level 3. HP: 27/28 MP: 3/3
    36 | D        | Reached XP level 4. HP: 33/34 MP: 4/4
    42 | D        | Killed an ogre
    43 | D        | Reached skill level 9 in Throwing
    43 | D        | Reached XP level 5. HP: 41/41 MP: 5/5
   237 | D        | Found a snail-covered altar of Cheibriados.
   237 | D        | Found a shadowy altar of Dithmenos.
   237 | D        | Found a white marble altar of Elyvilon.
   237 | D        | Found a blossoming altar of Fedhas.
   237 | D        | Found an opulent altar of Gozag.
   238 | D        | Found a hazy altar of Hepliaklqana.
   239 | D        | Found a viscous altar of Jiyva.
   240 | D        | Found an ancient bone altar of Kikubaaqudgha.
   241 | D        | Found a corrupted altar of Lugonu.
   242 | D        | Found a burning altar of Makhleb.
   243 | D        | Found a sparkling altar of Nemelex Xobeh.
   244 | D        | Found an iron altar of Okawaru.
   245 | D        | Found a stormy altar of Qazlal.
   246 | D        | Found a sacrificial altar of Ru.
   247 | D        | Found a shimmering blue altar of Sif Muna.
   248 | D        | Found a bloodstained altar of Trog.
   249 | D        | Found a hide-covered altar of Uskayaw.
   250 | D        | Found a radiant altar of Vehumet.
   251 | D        | Found an ornate altar of the Wu Jian Council.
   252 | D        | Found a shimmering altar of Xom.
   253 | D        | Found a basalt altar of Yredelemnul.
   254 | D        | Found a glowing silver altar of Zin.
   258 | D        | Became a worshipper of Warmaster Okawaru
   262 | D        | Found a glowing golden altar of the Shining One.
   317 | D        | Noticed a two-headed ogre
   317 | D        | Noticed a wyvern
   317 | D        | Noticed a troll
   317 | D        | Noticed a yak
   317 | D        | Noticed a centaur
   344 | D        | Killed a two-headed ogre
   344 | D        | Reached * piety under Okawaru
   345 | D        | Reached skill level 1 in Long Blades
   345 | D        | Reached skill level 14 in Throwing
   345 | D        | Reached XP level 6. HP: 12/49 MP: 6/6
   345 | D        | Reached XP level 7. HP: 14/55 MP: 7/7
   345 | D        | Reached XP level 8. HP: 15/61 MP: 8/8
   347 | D        | Killed a wyvern
   347 | D        | Reached ** piety under Okawaru
   347 | D        | Killed a yak
   348 | D        | Reached skill level 15 in Throwing
   349 | D        | Killed a troll
   350 | D        | Reached skill level 5 in Short Blades
   350 | D        | Reached skill level 1 in Armour
   351 | D        | Reached skill level 5 in Fighting
   351 | D        | Reached skill level 5 in Dodging
   530 | D        | Noticed a wraith
   530 | D        | Noticed a red ugly thing
   530 | D        | Noticed a tengu conjurer
   530 | D        | Noticed a manticore
   532 | D        | Reached *** piety under Okawaru
   533 | D        | Reached skill level 16 in Throwing
   533 | D        | Reached XP level 9. HP: 68/68 MP: 9/9
   533 | D        | Killed a manticore
   534 | D        | Reached skill level 5 in Stealth
   534 | D        | Killed a tengu conjurer
   534 | D        | Reached **** piety under Okawaru
   534 | D        | Received a gift from Okawaru
   535 | D        | Reached skill level 17 in Throwing
   535 | D        | Reached skill level 1 in Evocations
   539 | D        | Killed a red ugly thing
   539 | D        | Received a gift from Okawaru
   872 | D        | Noticed a komodo dragon
   874 | D        | Noticed a komodo dragon
   876 | D        | Killed a komodo dragon
   877 | D        | Reached skill level 18 in Throwing
   877 | D        | Reached skill level 1 in Invocations
   877 | D        | Reached XP level 10. HP: 67/76 MP: 9/11
   889 | D        | Killed a komodo dragon
  1043 | D        | Noticed a black mamba
  1043 | D        | Noticed a cane toad
  1043 | D        | Noticed a death yak
  1044 | D        | Reached ***** piety under Okawaru
  1045 | D        | Killed a black mamba
  1045 | D        | Noticed a seven-headed hydra
  1046 | D        | Reached skill level 19 in Throwing
  1046 | D        | Reached skill level 5 in Invocations
  1046 | D        | Killed a cane toad
  1048 | D        | Killed a death yak
  1048 | D        | Received a gift from Okawaru
  1048 | D        | Received a gift from Okawaru
  1050 | D        | Killed a seven-headed hydra
  1051 | D        | Reached skill level 5 in Long Blades
  1051 | D        | Reached XP level 11. HP: 81/83 MP: 13/16
  1111 | D        | Noticed an elephant
  1111 | D        | Noticed a dire elephant
  1111 | D        | Noticed a dire elephant
  1111 | D        | Noticed an elephant
  1111 | D        | Noticed an elephant
  1111 | D        | Noticed an elephant
  1114 | D        | Killed an elephant
  1114 | D        | Killed an elephant
  1114 | D        | Noticed an elephant
  1115 | D        | Reached skill level 20 in Throwing
  1115 | D        | Reached skill level 5 in Armour
  1116 | D        | Noticed an elephant
  1117 | D        | Killed an elephant
  1118 | D        | Killed an elephant
  1120 | D        | Killed an elephant
  1120 | D        | Killed a dire elephant
  1120 | D        | Received a gift from Okawaru
  1120 | D        | Received a gift from Okawaru
  1122 | D        | Killed an elephant
  1131 | D        | HP: 3/84 [dire elephant (5)]
  1134 | D        | Killed a dire elephant
  1134 | D        | Reached ****** piety under Okawaru
  1135 | D        | Reached skill level 21 in Throwing
  1511 | D        | Noticed Urug
  1525 | D        | Killed Urug
  1777 | D        | Noticed an orc knight
  1781 | D        | Killed an orc knight
  1783 | D        | Reached XP level 12. HP: 91/91 MP: 19/19
  1789 | D        | Identified the +1 hat "Ligogh" {rC+ rN+ Will+} (Okawaru
                  | gifted it to you in the Dungeon)
  1789 | D        | Received a gift from Okawaru
  1790 | D        | Reached skill level 10 in Invocations
  1958 | D        | Noticed a sun demon
  1975 | D        | Reached skill level 1 in Shields
  1981 | D        | Reached skill level 22 in Throwing
  2171 | D        | Found Joliras's Magic Scroll Emporium.
  2171 | D        | Noticed an orc high priest
  2171 | D        | Noticed an orc high priest
  2171 | D        | Noticed an orc high priest
  2172 | D        | Noticed a sun demon
  2173 | D        | Noticed a sun demon
  2174 | D        | Noticed an orc high priest
  2180 | D        | Killed an orc high priest
  2180 | D        | Killed an orc high priest
  2184 | D        | Killed an orc high priest
  2184 | D        | Killed an orc high priest
  2191 | D        | Received a gift from Okawaru
  2195 | D        | Noticed an orc high priest
  2196 | D        | Noticed an orc high priest
  2201 | D        | Killed an orc high priest
  2201 | D        | Received a gift from Okawaru
  2202 | D        | Reached skill level 23 in Throwing
  2204 | D        | Killed an orc high priest
  2684 | D        | Found Livuh's Magic Scroll Shoppe.
  2688 | D        | Found Ysipyts's Weapon Emporium.
  2692 | D        | Found Laheh's Weapon Shoppe.
  2713 | D        | Noticed an orc high priest
  2714 | D        | Reached XP level 13. HP: 98/98 MP: 22/22
  2741 | D        | Bought a scroll of immolation for 35 gold pieces
  2741 | D        | Bought a scroll of fog for 20 gold pieces
  2743 | D        | Bought a scroll of fear for 45 gold pieces
  2743 | D        | Bought a scroll of fog for 26 gold pieces
  2743 | D        | Bought a scroll of blinking for 97 gold pieces
  2743 | D        | Bought a scroll of enchant weapon for 97 gold pieces
  2743 | D        | Bought a scroll of acquirement for 676 gold pieces
  2743 | D        | Bought a scroll of holy word for 97 gold pieces
  2743 | D        | Bought a scroll of enchant weapon for 97 gold pieces
  2745 | D        | Bought a throwing net for 42 gold pieces
  2753 | D        | Acquired the ring "Plog" {rPois rCorr MP+9 Int+6}
  2780 | D        | Noticed Gastronok
  2788 | D        | Killed Gastronok
  2789 | D        | Reached skill level 24 in Throwing
  3001 | D        | Noticed Josephine
  3004 | D        | Killed Josephine
  3153 | D        | Noticed an ogre mage
  3153 | D        | Noticed a fire dragon
  3156 | D        | Received a gift from Okawaru
  3156 | D        | Found the +15 Maxwell's patent armour {-Cast -Tele rElec
                  | Will+ rCorr}
  3157 | D        | Killed an ogre mage
  3164 | D        | Noticed an ice dragon
  3166 | D        | Noticed a stone giant
  3167 | D        | Reached skill level 25 in Throwing
  3167 | D        | Killed a fire dragon
  3169 | D        | Killed an ice dragon
  3170 | D        | Killed a stone giant
  3179 | D        | Noticed a fire giant
  3183 | D        | Killed a fire giant
  3184 | D        | Noticed a great orb of eyes
  3187 | D        | Noticed a stone giant
  3189 | D        | Killed a great orb of eyes
  3191 | D        | Killed a stone giant
  3193 | D        | Reached skill level 26 in Throwing
  3238 | D        | Noticed an ettin
  3304 | D        | Killed an ettin
  3599 | D        | Identified the +5 plate armour of Shielding {rCorr Str+3
                  | Dex+3} (Okawaru gifted it to you in the Dungeon)
  3599 | D        | Received a gift from Okawaru
  3605 | D        | Reached XP level 14. HP: 90/108 MP: 25/25
  3781 | D        | Reached skill level 15 in Invocations
  3783 | D        | Reached skill level 10 in Armour
  3900 | D        | Reached skill level 27 in Throwing
  3934 | D        | Reached skill level 10 in Dodging
  4047 | D        | Reached skill level 10 in Fighting
  4059 | D        | Received a gift from Okawaru
  4060 | D        | Reached skill level 10 in Long Blades
  4175 | D        | Noticed Aizul
  4176 | D        | Noticed Agnes
  4180 | D        | Killed Aizul
  4204 | D        | Killed Agnes
  4532 | D        | Noticed Sonja
  4537 | D        | Killed Sonja
  4684 | D        | Noticed a frost giant
  4689 | D        | Killed a frost giant
  4689 | D        | Noticed a lich
  4696 | D        | Received a gift from Okawaru
  4697 | D        | Killed a lich
  4698 | D        | Reached XP level 15. HP: 120/120 MP: 28/28
  4708 | D        | Received a gift from Okawaru
  4760 | D        | Noticed a stone giant
  4768 | D        | Killed a stone giant
  4895 | D        | Noticed a tengu reaver
  4903 | D        | Killed a tengu reaver
  4904 | D        | Reached skill level 5 in Shields
  5127 | D        | Noticed a vault warden
  5129 | D        | Identified the +2 ring mail of Syndicalism {rC+ Int+4}
                  | (Okawaru gifted it to you in the Dungeon)
  5129 | D        | Received a gift from Okawaru
  5133 | D        | Killed a vault warden
  5141 | D        | Noticed a vault warden
  5147 | D        | Killed a vault warden
  5166 | D        | Noticed an ironbound preserver
  5170 | D        | Killed an ironbound preserver
  5655 | D        | Noticed an Orb Guardian
  5673 | D        | Killed an Orb Guardian
  5793 | D        | Noticed an ironbound preserver
  5810 | D        | Killed an ironbound preserver
  5954 | D        | Noticed an ironbound preserver
  5967 | D        | Killed an ironbound preserver
  5967 | D        | Received a gift from Okawaru
  5968 | D        | Reached skill level 15 in Long Blades
  6256 | D        | Noticed Nikola
  6276 | D        | Killed Nikola
  6282 | D        | Noticed Jory
  6298 | D        | Killed Jory
  6298 | D        | Received a gift from Okawaru
  6740 | D        | Noticed Mennas
  6761 | D        | HP: 4/127 [Mennas (7)]
  6762 | D        | Demolished by Mennas

Illustrated notes

Levels and vault maps discovered:
D:        linesprint [early_d, line_temple, items_1, d_10, items_2, lair_1,
          lair_end, items_3, orc_1, orc_end, items_4, d_15, swamp_1, shoals_1,
          snake_1, spider_1, d_20, vaults_1, items_5, swamp_end, shoals_end,
          snake_end, spider_end, vaults_end, d_27, items_6, zot_1, zot_end,
          crypt_end, forest_end, elf_end, slime_end, tomb_end, abyss_end,
          pan_hell_end]

Skill      XL: |  1  2  3  4  5  6  7  8  9 10 11 12 13 14 15 |
---------------+----------------------------------------------+-----
Throwing       | 5 7 9 14 16 18 19 21 23 26 27 | 27.0
Short Blades   | 1 2 4 5 6 7 |  7.6
Fighting       | 3 4 5 6 7 8 9 11 14 | 14.5
Dodging        | 3 4 5 6 7 8 9 11 13 | 13.2
Long Blades    | 1 2 3 5 6 8 11 15 | 15.6
Stealth        | 4 5 |  5.8
Armour         | 1 2 4 7 9 12 14 | 14.7
Evocations     | 1 |  1.1
Invocations    | 1 6 9 12 14 18 21 | 21.5
Shields        | 1 3 4 6 |  6.9

Action                   |  1- 3 |  4- 6 |  7- 9 | 10-12 | 13-15 || total
-------------------------+-------+-------+-------+-------+-------++-------
Melee: Short sword       |     6 |     4 |       |       |       ||    10
       Scimitar          |       |     2 |     8 |    27 |    88 ||   125
       Long sword        |       |       |       |       |    14 ||    14
       Double sword      |       |       |       |       |     8 ||     8
Throw: Javelin           |     6 |     7 |    10 |    79 |   162 ||   264
       Throwing net      |       |     3 |       |     1 |     1 ||     5
       Boomerang         |       |       |       |    31 |    66 ||    97
       Dart              |       |       |       |     5 |     7 ||    12
Invok: Heroism           |       |       |       |       |     3 ||     3
       Finesse           |       |       |       |       |     3 ||     3
Evoke: Wand              |       |       |     2 |     3 |     5 ||    10
  Use: Potion            |       |     1 |     1 |     6 |     5 ||    13
       Scroll            |       |       |       |     1 |     6 ||     7
 Stab: Held in net/web   |       |     1 |       |       |       ||     1
       Invisible         |       |       |       |       |     7 ||     7
Armor: Leather armour    |     1 |       |       |       |       ||     1
       Scale mail        |       |       |     5 |    17 |    29 ||    51
       Plate armour      |       |       |       |       |     3 ||     3
Dodge: Dodged            |     7 |     1 |     7 |    33 |    54 ||   102
Block: Buckler           |       |       |       |    10 |    14 ||    24

Table legend: (Time is in decaauts)
 A = Elapsed time spent in this place.
 B = Non-inter-level travel time spent in this place.
 C = Inter-level travel time spent in this place.
 D = Time resting spent in this place.
 E = Time spent auto-exploring this place.
 F = Levels seen in this place.
 G = Mean time per level.
                   A        B        C        D        E       F      G
               +--------+--------+--------+--------+--------+-----+--------+
         Total |   6642 |   6642 |      0 |   4414 |    586 |   1 | 6642.0 |
       Dungeon |   6642 |   6642 |      0 |   4414 |    586 |   1 | 6642.0 |
               +--------+--------+--------+--------+--------+-----+--------+

Top non-repeatable levels by time:
       D: 6642 daAuts
